AoeStats
← davidbanegasr

Lombardia

508354036Analyzed
3v3 RM · 10d ago on Sep 22, 2026· 68m 34s· 6 players
Game mode
Random Map
Map size
Normal (6 player)
Population
200
Speed
Normal
Resources
Standard
Victory
Conquest
Starting age
Dark Age
Ending age
Imperial Age
RankedLock teamsTeams togetherTeam positionsShared explorationLock speedFull tech treeHidden civsTurbo modeCheats
Victory
Defeat
🇺🇸 Khitans · United States
822
+13
🇺🇸 Muisca · United States
729
+17
🇧🇴 Teutons · Bolivia
727
+17
🇦🇷 Byzantines · Argentina
787
-17
🇦🇷 Ethiopians · Argentina
766
-16
🇦🇷 Malians · Argentina
715
-14
CaptSquigglyP_IV
0:43 Loom
13:30 Feudal Age
22:07 Castle Age
23:44 Double-Bit Axe
30:12 Horse Collar
33:26 Wheelbarrow
35:36 Pikeman
37:58 Bow Saw
38:40 Padded Archer Armor
39:11 Hand Cart
39:32 Gold Mining
40:06 Squires
40:58 Heavy Plow
45:21 Imperial Age
45:38 Thumb Ring
48:12 Conscription
53:32 Two-Man Saw
56:07 Chemistry
55:28 Ballistics
55:14 Siege Engineers
54:50 Treadmill Crane
55:06 Fletching
55:32 Leather Archer Armor
55:20 Scale Mail Armor
55:31 Forging
54:46 Elite Temple Guard
55:11 Heavy Scorpion
59:06 Iron Casting
58:46 Chain Mail Armor
58:27 Bodkin Arrow
58:45 Huaracas
58:43 Herbalism
58:07 Elite Guecha Warrior
61:40 Crop Rotation
61:02 Stone Mining
61:48 Gold Shaft Mining
61:56 Plate Mail Armor
61:27 Bracer
61:21 Town Watch
64:59 Elite Skirmisher
68:01 Masonry
67:47 Murder Holes
Hans Brix
0:29 Loom
12:18 Feudal Age
12:51 Double-Bit Axe
12:52 Domestication
18:48 Forging
19:14 Arson
21:24 Wheelbarrow
22:46 Scale Mail Armor
25:49 Castle Age
24:25 Stone Mining
25:41 Scale Barding Armor
26:44 Husbandry
30:48 Hand Cart
31:31 Town Watch
32:43 Bow Saw
34:10 Iron Casting
33:56 Chain Barding Armor
34:23 Fervor
34:28 Town Patrol
37:21 Lamellar Armor
37:20 Pikeman
37:48 Gambesons
38:14 Squires
43:19 Ballistics
42:46 Treadmill Crane
46:19 Imperial Age
44:10 Chain Mail Armor
45:57 Pastoralism
47:16 Heavy Camel Rider
48:37 Conscription
48:36 Ordo Cavalry
49:40 Elite Steppe Lancer
53:20 Elite Fire Lancer
54:16 Guilds
54:07 Caravan
58:27 Elite Liao Dao
60:26 Plate Mail Armor
64:20 Siege Engineers
64:25 Masonry
64:06 Guard Tower
65:16 Chemistry
davidbanegasr
10:44 Feudal Age
12:03 Wheelbarrow
11:16 Double-Bit Axe
12:40 Horse Collar
19:41 Loom
32:33 Castle Age
31:11 Stone Mining
31:12 Gold Mining
32:54 Forging
32:45 Scale Mail Armor
35:47 Hand Cart
45:47 Imperial Age
43:39 Fortified Wall
43:57 Bow Saw
43:35 Pikeman
44:41 Caravan
47:38 Chemistry
48:09 Two-Man Saw
49:47 Heavy Plow
49:32 Halberdier
51:32 Iron Casting
51:12 Chain Mail Armor
51:56 Siege Engineers
56:28 Blast Furnace
55:58 Plate Mail Armor
59:17 Heavy Scorpion
63:50 Block Printing
64:00 Illumination
64:15 Theocracy
samonsuarez
4:05 Loom
6:37 Loom
11:13 Feudal Age
16:30 Bloodlines
24:58 Castle Age
24:37 Scale Barding Armor
25:55 Forging
26:36 Double-Bit Axe
29:17 Scale Mail Armor
29:41 Husbandry
30:10 Squires
31:17 Stone Mining
32:10 Fletching
34:37 Iron Casting
33:26 Pikeman
36:35 Tigui
37:01 Gold Mining
40:11 Padded Archer Armor
41:14 Gold Shaft Mining
42:52 Wheelbarrow
42:57 Arson
46:57 Bow Saw
54:58 Town Watch
55:39 Chain Barding Armor
55:38 Chain Mail Armor
56:22 Bodkin Arrow
57:56 Hand Cart
58:32 Leather Archer Armor
63:11 Imperial Age
66:30 Conscription
andres.gonzgonz
12:51 Feudal Age
11:30 Loom
16:33 Double-Bit Axe
16:43 Fletching
16:54 Padded Archer Armor
16:43 Horse Collar
19:08 Gold Mining
19:09 Stone Mining
21:16 Arson
29:50 Castle Age
29:39 Forging
30:48 Crossbowman
31:33 Thumb Ring
38:45 Bow Saw
38:45 Bodkin Arrow
39:06 Leather Archer Armor
40:08 Husbandry
45:18 Imperial Age
43:25 Wheelbarrow
46:22 Stone Shaft Mining
46:23 Gold Shaft Mining
46:46 Heavy Camel Rider
48:06 Conscription
49:32 Royal Heirs
49:51 Arbalester
51:10 Elite Shotel Warrior
53:17 Hand Cart
53:08 Bracer
53:11 Scale Mail Armor
53:47 Iron Casting
55:41 Torsion Engines
60:37 Two-Man Saw
67:33 Onager
MartínFierro
8:00 Loom
10:36 Feudal Age
11:11 Double-Bit Axe
11:07 Horse Collar
19:54 Forging
19:49 Scale Barding Armor
26:41 Castle Age
28:31 Wheelbarrow
28:06 Husbandry
28:42 Bow Saw
29:04 Chain Barding Armor
29:17 Pikeman
35:06 Hand Cart
38:22 Gold Mining
38:26 Stone Mining
42:52 Imperial Age
40:19 Fletching
45:30 Conscription
45:53 Iron Casting
45:53 Plate Barding Armor
45:14 Bodkin Arrow
46:24 Elite Cataphract
50:45 Two-Man Saw
50:24 Heavy Plow
56:43 Logistica
61:34 Chemistry
Connection lost

Rejoining the realm…

Still unreachable

The connection could not be restored.

Session expired

The server has moved on; the page needs a fresh start.